 Dungeon Crawl Stone Soup version 0.29-a0-369-gd956c00756 (webtiles) character file.

Game seed: 811029414691387945

223 holysushi the Cutter (level 6, -5/39 HPs)
             Began as a Kobold Monk on May 1, 2022.
             Slain by a river rat (8 damage)
             ... summoned by Eustachio
             ... on level 4 of the Dungeon.
             The game lasted 00:04:28 (4606 turns).

holysushi the Cutter (Kobold Monk)                  Turns: 4606, Time: 00:04:28

Health: -5/39      AC:  4    Str:  8    XL:     6   Next: 20%
Magic:  6/6        EV: 16    Int: 12    God:
Gold:   111        SH:  0    Dex: 19    Spells: 5/5 levels left

rFire   . . .      SeeInvis .   a - +2 short sword
rCold   + . .      Faith    .   (no shield)
rNeg    . . .      Spirit   .   b - +0 robe
rPois   .          Reflect  .   (no helmet)
rElec   .          Harm     .   n - +1 cloak
rCorr   .          Rampage  .   (no gloves)
Will    +....                   (no boots)
Stlth   ++++......              (no amulet)
HPRegen 0.13/turn               w - ring of protection from cold
MPRegen 0.10/turn               o - ring of willpower

@: brilliant
A: small, no large weapons, nightstalker 3
a: no special abilities


You were on level 4 of the Dungeon.
You visited 1 branch of the dungeon, and saw 4 of its levels.
You also visited: Sewer.

You collected 111 gold pieces.

Inventory:

Hand Weapons
 a - a +2 short sword (weapon)
Armour
 b - a +0 robe (worn)
 n - a +1 cloak (worn)
Jewellery
 h - a ring of magical power
 o - a ring of willpower (right hand)
 w - a ring of protection from cold (left hand)
Wands
 r - a wand of flame (12)
Scrolls
 e - 3 scrolls of fear {unknown}
 k - 2 scrolls of identify {unknown}
 m - a scroll of teleportation {unknown}
 p - a scroll of enchant armour
 q - 2 scrolls of vulnerability {unknown}
 s - a scroll of magic mapping
 t - a scroll of amnesia {unknown}
 u - a scroll of fog
 v - a scroll of enchant weapon
Potions
 c - a potion of resistance {unknown}
 d - 3 potions of brilliance
 f - 4 potions of curing {unknown}
 g - a potion of cancellation {unknown}
 i - a potion of attraction {unknown}
 j - a potion of heal wounds {unknown}
 l - a potion of might {unknown}


   Skills:
 + Level 4.7 Fighting
 * Level 7.2 Short Blades
 - Level 3.6 Dodging
 + Level 3.3 Stealth


You had 5 spell levels left.
You didn't know any spells.
Your spell library contained the following spells:

 Spells                   Type           Power      Damage    Failure   Level
 Ensorcelled Hibernation  Hex/Ice        0%         N/A       45%         2
 Ignite Poison            Fire/Tmut/Pois 0%         N/A       69%         3
 Mephitic Cloud           Conj/Pois/Air  0%         N/A       69%         3
 Ozocubu's Armour         Ice            0%         N/A       69%         3
 Spider Form              Tmut/Pois      0%         N/A       69%         3
 Anguish                  Hex/Necr       0%         N/A       97%         4
 Freezing Cloud           Conj/Ice/Air   0%         6-21      100%        5
 Ozocubu's Refrigeration  Ice            0%         4d5       100%        7


Dungeon Overview and Level Annotations

Branches:
Dungeon (4/15)              Sewer (visited)
 Temple: D:4-7

Altars:
Sif Muna

Annotations:
D:4 Eustachio


Innate Abilities, Weirdness & Mutations

You are small and have problems with some larger weapons.
You are completely attuned to the shadows.


Message History

Eustachio mumbles some strange words.
The crimson imp barely misses you.
You hit Eustachio but do no damage.
Eustachio is heavily wounded.
Eustachio hits you with a +0 rapier!
You hit Eustachio but do no damage.
Eustachio is heavily wounded.
The crimson imp closely misses you.
The river rat bites you but does no damage.
You hit Eustachio.
Eustachio is severely wounded.
The quokka barely misses you.
Eustachio mumbles some strange words.
The crimson imp barely misses you.
The river rat bites you but does no damage.
You hit the bat.
You kill the bat!
The bat's corpse disappears in a puff of smoke!
The quokka completely misses you. Eustachio hits you with a +0 rapier.
The crimson imp barely misses you. The river rat barely misses you.
You barely miss the river rat.
The river rat disappears in a puff of smoke!
The quokka disappears in a puff of smoke!
Eustachio screams, "This atrocity can only be purified with blood!"
Eustachio hits you with a +0 rapier!
The crimson imp hits you but does no damage.
The river rat bites you!
* * * LOW HITPOINT WARNING * * *
Eustachio gestures wildly while chanting.
Eustachio blinks!
The quokka barely misses you. The crimson imp hits you.
* * * LOW HITPOINT WARNING * * *
The quokka attacks as you move away! The quokka completely misses you.
The quokka attacks as you move away!
The quokka bites you but does no damage.
The river rat completely misses you.
Okay, then.
It was a potion of brilliance.
You feel clever all of a sudden. The river rat bites you!
You die...

#.# #.#
#.# #.#
#.# #.#
#.####.
###.#....
#..@r5#
#..rr.#
#.(...#
#.....#
###@#.#
#.#.#


You could see Eustachio, a crimson imp (summoned), a river rat (summoned) and 2
quokkas.

Vanquished Creatures
  A kobold brigand (Sewer)
  2 orc priests (D:4)
  A river rat (Sewer)
  5 worms
  5 dart slugs
  3 orcs
  9 endoplasms
  3 giant cockroaches
  2 goblins (D:1)
  5 hobgoblins
  4 jackals (D:1)
  6 kobolds
  A quokka (D:1)
  6 ball pythons
  2 bats
  2 frilled lizards
  6 rats
63 creatures vanquished.

Notes
Turn   | Place    | Note
-------+----------+-------------------------------------------
     0 | D:1      | holysushi the Kobold Monk began the quest for the Orb.
     0 | D:1      | Reached XP level 1. HP: 14/14 MP: 1/1
   219 | D:1      | Reached XP level 2. HP: 19/19 MP: 2/2
   693 | D:1      | Reached XP level 3. HP: 24/24 MP: 3/3
   760 | D:1      | Found a faded altar of an unknown god.
   808 | D:1      | Reached skill level 5 in Short Blades
  2296 | D:3      | Found a glowing drain.
  2310 | D:3      | Reached XP level 4. HP: 29/29 MP: 4/4
  2312 | Sewer    | Entered a sewer
  2827 | Sewer    | Noticed a kobold brigand
  2833 | Sewer    | Killed a kobold brigand
  2834 | Sewer    | Reached skill level 6 in Short Blades
  2834 | Sewer    | Reached XP level 5. HP: 34/34 MP: 5/5
  3632 | D:3      | Found a shimmering blue altar of Sif Muna.
  4049 | D:4      | Reached skill level 7 in Short Blades
  4049 | D:4      | Reached XP level 6. HP: 27/39 MP: 6/6
  4589 | D:4      | Noticed Eustachio
  4606 | D:4      | Slain by a river rat

Illustrated notes

Levels and vault maps discovered:
D:1:      dpeg_arrival_water_temple_mockup, layout_loops_ring,
          ebering_ecumenical_altar_box, minmay_small_reverse_x
D:2:      layout_basic
D:3:      layout_loops_ring, led_sif_pool, cheibrodos_sewer_entry_drain
D:4:      layout_basic, mainiacjoe_overflow_surrounded_room, uniq_eustachio,
          uniq_edmund

Skill      XL: |  1  2  3  4  5 |
---------------+----------------+-----
Short Blades   | 5 6 7 |  7.2
Fighting       | 4 |  4.7
Stealth        | 3 |  3.3
Dodging        | |  3.6

Action                   |  1- 3 |  4- 6 || total
-------------------------+-------+-------++-------
Melee: Short sword       |    96 |   117 ||   213
       Punch             |       |     3 ||     3
  Use: Scroll            |     4 |     1 ||     5
       Potion            |       |     2 ||     2
 Stab: Sleeping          |    15 |     9 ||    24
Armor: Robe              |     3 |    16 ||    19
Dodge: Dodged            |    66 |    59 ||   125

Table legend: (Time is in decaauts)
 A = Elapsed time spent in this place.
 B = Non-inter-level travel time spent in this place.
 C = Inter-level travel time spent in this place.
 D = Time resting spent in this place.
 E = Time spent auto-exploring this place.
 F = Levels seen in this place.
 G = Mean time per level.
                   A        B        C        D        E       F      G
               +--------+--------+--------+--------+--------+-----+--------+
         Total |   4691 |   4592 |     99 |   1076 |   2806 |   5 |  938.2 |
       Dungeon |   3837 |   3738 |     99 |    928 |   2304 |   4 |  959.2 |
         Sewer |    854 |    854 |      0 |    148 |    501 |   1 |  854.0 |
               +--------+--------+--------+--------+--------+-----+--------+

Top non-repeatable levels by time:
     D:3: 1331 daAuts
     D:1: 1172 daAuts
     D:2: 1054 daAuts
   Sewer: 854 daAuts
     D:4: 278 daAuts
